 Dungeon Crawl Stone Soup version 0.15.2 (webtiles) character file.

10745 Heini the Basher (level 11, -8/105 HPs)
             Began as a Minotaur Fighter on Feb 20, 2015.
             Was a High Priest of Okawaru.
             Killed by Ozocubu's Refrigeration
             ... invoked by Fannar
              (33 damage)
             ... on Level 12 of the Dungeon.
             The game lasted 00:27:06 (10421 turns).

Heini the Basher (Minotaur Fighter)                Turns: 10421, Time: 00:27:06

HP  -8/105       AC 23     Str 24      XL: 11   Next: 40%
MP   4/4         EV  7     Int  5      God: Okawaru [*****.]
Gold 678         SH  9     Dex 10      Spells:  0 memorised, 10 levels left

rFire  + . .     SeeInvis .     p - +0 flail (protect)
rCold  x . .     Clarity  .     b - +0 scale mail
rNeg   . . .     rCorr    .     c - +0 shield
rPois  +         rRot     .     O - +2 hat
rElec  .         Spirit   .     w - +2 cloak {rPois}
SustAb .         Warding  .     E - +0 pair of gloves
rMut   .         Stasis   .     i - +1 pair of boots
Gourm  .                        (no amulet)
MR     .....                    (no ring)
                                s - ring of fire

@: not resistant to hostile enchantments, extremely unstealthy
A: retaliatory headbutt, horns 2
a: Heroism, Finesse, Renounce Religion


You were on level 12 of the Dungeon.
You worshipped Okawaru.
Okawaru was extremely pleased with you.
You were not hungry.

You visited 2 branches of the dungeon, and saw 13 of its levels.
You also visited: Ossuary.

You collected 706 gold pieces.
You spent 28 gold pieces at shops.

Inventory:

Hand weapons
 a - a +1 flail
 p - a +0 flail of protection (weapon)
Armour
 b - a +0 scale mail (worn)
 c - a +0 shield (worn)
 i - a +1 pair of boots (worn)
 w - a +2 cloak of poison resistance (worn)
 E - a +0 pair of gloves (worn)
 O - a +2 hat (worn)
Magical devices
 v - a wand of frost (11)
 z - a wand of cold (9)
 G - a wand of paralysis (12)
 J - a wand of magic darts (11)
Comestibles
 d - 4 bread rations
 u - a royal jelly
 x - 5 meat rations
 A - 26 fruits
 C - 4 beef jerkies
 H - 4 chunks of giant frog flesh
Scrolls
 h - 2 scrolls of fear
 j - 4 scrolls of recharging
 q - 3 scrolls of teleportation
 t - 2 scrolls of enchant weapon
 y - 2 scrolls of magic mapping
 I - 2 scrolls of enchant armour
 N - a scroll of torment {unknown}
Jewellery
 s - a ring of fire (left hand)
Potions
 e - a potion of cancellation
 f - 4 potions of invisibility
 g - a potion of cure mutation {unknown}
 k - 3 potions of brilliance
 l - a potion of resistance {unknown}
 m - 4 potions of agility
 n - 9 potions of curing
 o - 3 potions of flight
 r - a potion of haste {unknown}
 B - a potion of magic {unknown}
 D - a potion of berserk rage {unknown}
 F - 2 potions of restore abilities
 M - a potion of experience {unknown}


   Skills:
 * Level 12.4 Fighting
 * Level 13.9 Maces & Flails
 * Level 11.2 Armour
 - Level 3.6 Shields
 + Level 0.4 Evocations


You had 10 spell levels left.
You didn't know any spells.

Dungeon Overview and Level Annotations

Branches:
Dungeon (12/15)            Temple (1/1) D:5            Lair (0/8) D:10
    Orc: D:9-12

Altars:
Ashenzari
Cheibriados
Dithmenos
Elyvilon
Fedhas
Kikubaaqudgha
Makhleb
Nemelex Xobeh
Okawaru
Qazlal
Sif Muna
Trog
Vehumet
Xom
Yredelemnul
Zin
The Shining One

Shops:
D:7 ?   D:11 [(

Annotations:
D:12 Fannar


Innate Abilities, Weirdness & Mutations

You reflexively headbutt those who attack you in melee.
You have a pair of horns on your head.


Message History

You headbutt the ice beast! You hit the ice beast. You headbutt the ice beast!
You kill the ice beast!
Fannar hits you with a quarterstaff of freezing.
Fannar freezes you.
You barely miss Fannar. Your headbutt misses Fannar. You miss Fannar.
Fannar mumbles some strange words.
Fannar drains the heat from the surrounding environment!
You feel a terrible chill!
You feel very cold.
Fannar is frozen.
Fannar resists.
Fannar points at you and mumbles some strange words.
The bolt of cold hits you!
You feel a terrible chill!
* * * LOW HITPOINT WARNING * * *
The ice beast barely misses you. You furiously retaliate!
You headbutt the ice beast.
Fannar gestures wildly while chanting.
Fannar drains the heat from the surrounding environment!
You feel a terrible chill!
You feel very cold.
You die...

######## ### ####
####......###.####..#
.......)eY.@........#
..##....Z.###.#....##
#......# #...%.###
#)...?..# ##......#
#.......# ##...#.#
........#####...#.#
.##..###.......#.#
........#.....##
......#.....#########


You could see Fannar, an ice beast and a shapeshifter simulacrum.

Vanquished Creatures
  The ghost of SaintRoka the Arsonist, an experienced NaFE of Vehumet (D:8)
  4 hill giants
  Grinder (D:6)
  2 trolls
  2 two-headed ogres
  A shadow (D:11)
  A trapdoor spider (D:10)
  A deep elf mage (D:9)
  A wyvern (D:11)
  A hill giant zombie (D:11)
  A steam dragon (D:8)
  6 yaks (D:9)
  7 hippogriffs
  2 water moccasins
  An orc warrior (D:10)
  3 sky beasts
  2 phantoms (D:10)
  An ice beast (D:12)
  7 centaurs
  A necrophage (D:9)
  2 ogres
  Sigmund (D:2)
  6 giant frogs
  2 big kobolds
  A gnoll sergeant (D:11)
  A water moccasin zombie (Ossuary)
  5 killer bees
  4 scorpions
  4 wights (D:11)
  3 goliath beetles
  2 quasits
  2 centaur zombies (D:8)
  4 crimson imps
  4 orc priests
  2 jellies
  Crazy Yiuf (D:6)
  10 orc wizards
  5 hounds
  A gnoll shaman (D:4)
  2 elf skeletons
  5 worker ants
  A killer bee zombie (D:11)
  2 big kobold zombies (Ossuary)
  Ijyb (D:5)
  3 mummies
  9 adders
  11 gnolls
  3 shadow imps
  3 giant mites
  3 worms
  6 adder zombies (Ossuary)
  5 orc zombies
  An adder skeleton (D:7)
  3 giant geckos
  An ooze (D:3)
  35 orcs
  A bat skeleton (D:7)
  9 giant cockroaches
  15 goblins
  14 hobgoblins
  8 jackals
  42 kobolds
  6 quokkas
  2 ball pythons
  16 bats
  4 giant newts
  A giant spore (D:11)
  4 gnoll zombies (Ossuary)
  4 hobgoblin zombies (Ossuary)
  2 kobold skeletons
  4 kobold zombies (Ossuary)
  A quokka zombie (D:6)
  11 rats
  9 ballistomycetes (D:11)
  3 plants (D:4)
356 creatures vanquished.

Vanquished Creatures (others)
  A plant (D:4)
1 creature vanquished.

Grand Total: 357 creatures vanquished

Notes
Turn   | Place    | Note
--------------------------------------------------------------
     0 | D:1      | Heini, the Minotaur Fighter, began the quest for the Orb.
     0 | D:1      | Reached XP level 1. HP: 19/19 MP: 1/1
   126 | D:1      | Reached XP level 2. HP: 27/27 MP: 1/1
   134 | D:1      | Reached skill level 4 in Fighting
   642 | D:2      | Found a shattered altar of Ashenzari.
   648 | D:2      | Reached XP level 3. HP: 31/33 MP: 2/2
   719 | D:2      | Noticed Sigmund
   744 | D:3      | Found a blossoming altar of Fedhas.
   803 | D:3      | Reached skill level 5 in Armour
   803 | D:3      | Reached XP level 4. HP: 39/41 MP: 2/2
  1078 | D:3      | Reached XP level 5. HP: 47/47 MP: 2/2
  1655 | D:2      | Killed Sigmund
  1655 | D:2      | Reached skill level 5 in Fighting
  1655 | D:2      | Reached skill level 6 in Armour
  1870 | D:2      | Reached XP level 6. HP: 56/56 MP: 3/3
  2451 | D:4      | Reached skill level 5 in Maces & Flails
  2602 | D:4      | Reached skill level 7 in Armour
  2602 | D:4      | Reached XP level 7. HP: 49/61 MP: 3/3
  3367 | D:5      | Entered Level 5 of the Dungeon
  3503 | D:5      | Noticed Ijyb
  3525 | D:5      | Killed Ijyb
  3698 | D:5      | Found a staircase to the Ecumenical Temple.
  3735 | Temple   | Entered the Ecumenical Temple
  3879 | Temple   | Became a worshipper of Warmaster Okawaru
  4040 | D:5      | Reached XP level 8. HP: 58/71 MP: 3/3
  4051 | D:5      | Reached skill level 8 in Armour
  4457 | D:6      | Found a deep blue altar of Sif Muna.
  4480 | D:6      | Found an ancient bone altar of Kikubaaqudgha.
  4679 | D:6      | Acquired Okawaru's first power
  4814 | D:6      | Noticed Grinder
  4825 | D:6      | Killed Grinder
  4879 | D:6      | Noticed Crazy Yiuf
  4886 | D:6      | Killed Crazy Yiuf
  5040 | D:6      | Found a stormy altar of Qazlal.
  5311 | D:7      | Reached skill level 9 in Armour
  5718 | D:7      | Found a bloodstained altar of Trog.
  6009 | D:7      | Reached XP level 9. HP: 67/81 MP: 4/4
  6038 | D:7      | Found Derr's Magic Scroll Emporium.
  6097 | D:7      | Bought a scroll of identify for 28 gold pieces
  6182 | D:8      | Found a white marble altar of Elyvilon.
  6182 | D:8      | Noticed an angel
  6235 | D:8      | Found a sand-covered staircase.
  6247 | Ossuary  | Entered an ossuary
  6507 | D:8      | Noticed SaintRoka's ghost (experienced NaFE)
  6526 | D:8      | Killed SaintRoka's ghost
  6526 | D:8      | Reached skill level 10 in Maces & Flails
  6739 | D:8      | Reached skill level 11 in Maces & Flails
  6837 | D:8      | Found a basalt altar of Yredelemnul.
  6838 | D:8      | Noticed a profane servitor
  6928 | D:8      | Found a glowing golden altar of the Shining One.
  6929 | D:8      | Noticed an angel
  7065 | D:8      | Reached skill level 10 in Armour
  7198 | D:9      | Reached skill level 10 in Fighting
  7198 | D:9      | Reached XP level 10. HP: 89/93 MP: 4/4
  8563 | D:10     | Entered Level 10 of the Dungeon
  8595 | D:10     | Found a staircase to the Lair.
  8622 | D:10     | Reached skill level 12 in Maces & Flails
  9246 | D:10     | Acquired Okawaru's second power
  9370 | D:11     | Found Jogaodej's Weapon Shoppe.
  9911 | D:11     | Reached skill level 13 in Maces & Flails
  9951 | D:11     | Reached XP level 11. HP: 86/104 MP: 4/4
  9958 | D:11     | Noticed a hill giant
  9964 | D:11     | Killed a hill giant
  9964 | D:11     | Received a gift from Okawaru
  9984 | D:11     | Noticed a hill giant
  9993 | D:11     | Killed a hill giant
 10011 | D:11     | Found Gosuetej's Armour Boutique.
 10341 | D:12     | Noticed a hill giant
 10345 | D:12     | Killed a hill giant
 10400 | D:12     | Noticed a hill giant
 10402 | D:12     | Noticed Fannar
 10415 | D:12     | Killed a hill giant
 10421 | D:12     | Killed from afar by Fannar

Action                   |  1- 3 |  4- 6 |  7- 9 | 10-12 || total
-------------------------+-------+-------+-------+-------++-------
Melee: Flail             |    77 |   172 |   528 |   433 ||  1210
Evoke: Wand              |       |       |     2 |     2 ||     4
  Use: Scroll            |     4 |     2 |    13 |     6 ||    25
       Potion            |       |     1 |       |     2 ||     3
  Eat: Chunk             |       |     6 |    15 |    11 ||    32
